 Dungeon Crawl Stone Soup version 0.27-a0-1555-g0e7b3fb1d2 (webtiles) character file.

Game seed: 4599605855552334668

53 wakim the Poker (level 3, -9/27 HPs)
             Began as a Merfolk Gladiator on July 14, 2021.
             Killed from afar by Ijyb (16 damage)
             ... with an iceblast
             ... on level 3 of the Dungeon.
             The game lasted 00:03:21 (2974 turns).

wakim the Poker (Merfolk Gladiator)                 Turns: 2974, Time: 00:03:21

Health: -9/27      AC:  4    Str: 14    XL:     3   Next: 87%
Magic:  3/3        EV: 11    Int:  7    God:
Gold:   118        SH:  7    Dex: 16    Spells: 2/2 levels left

rFire    . . .     SeeInvis .   a - +0 trident
rCold    . . .     Faith    .   j - +0 kite shield
rNeg     . . .     Spirit   .   b - +0 leather armour
rPois    .         Reflect  .   c - +0 helmet
rElec    .         Harm     .   (no cloak)
rCorr    .         Rampage  .   (no gloves)
Will     .....                  (no boots)
Stlth    +.........             (no amulet)
HPRegen  0.09/turn              (no ring)
MPRegen  0.08/turn              (no ring)

@: no status effects
A: (nimble swimmer 2), mertail
a: no special abilities


You were on level 3 of the Dungeon.
You visited 1 branch of the dungeon, and saw 3 of its levels.

You collected 118 gold pieces.

Inventory:

Hand Weapons
 a - a +0 trident (weapon)
Missiles
 d - 3 throwing nets (quivered) {=f!f}
 f - 12 poisoned darts
 i - 5 javelins
Armour
 b - a +0 leather armour (worn)
 c - a +0 helmet (worn)
 j - a +0 kite shield (worn)
Jewellery
 h - a ring of fire
Potions
 e - a potion of berserk rage {unknown}
 g - a potion of brilliance {unknown}
 k - a potion of attraction {unknown}


   Skills:
 - Level 2.1 Fighting
 * Level 5.7 Polearms
 - Level 2.0 Throwing
 * Level 5.2 Dodging
 * Level 0.2 Shields


You had 2 spell levels left.
You didn't know any spells.
Your spell library was empty.

Dungeon Overview and Level Annotations

Branches:
Dungeon (3/15)

Altars:
Ashenzari

Annotations:
D:3 Ijyb


Innate Abilities, Weirdness & Mutations

((You are quick and stealthy near water. (Stealth+, EV+, Speed+++)))
Your lower body shifts to a powerful aquatic tail in water.


Message History

Ijyb screams, "Level is mine!
All mine!"
You block Ijyb's attack.
You hit Ijyb.
Ijyb is heavily wounded.
Ijyb drinks a potion.
Ijyb is healed!
Ijyb closely misses you.
You hit Ijyb but do no damage.
Ijyb is lightly wounded.
Ijyb hits you but does no damage.
You puncture Ijyb!
Ijyb is heavily wounded.
Ijyb drinks a potion.
Ijyb is healed!
You hit Ijyb.
Ijyb is heavily wounded.
Ijyb hits you with a +0 club. x2
You closely miss Ijyb.
Ijyb is heavily wounded.
Ijyb hits you with a +0 club.
You closely miss Ijyb.
Ijyb is heavily wounded.
Ijyb hits you with a +0 club.
You are too injured to fight recklessly!
You closely miss Ijyb.
Ijyb is heavily wounded.
Ijyb barely misses you. Ijyb screams, "I no like you!"
Ijyb hits you with a +0 club!
* * * LOW HITPOINT WARNING * * *
You closely miss Ijyb.
Ijyb is heavily wounded.
You block Ijyb's attack.
You hit Ijyb but do no damage.
Ijyb is heavily wounded.
You block Ijyb's attack.
You barely miss Ijyb.
Ijyb is moderately wounded.
You block Ijyb's attack.
Ijyb zaps a wand.
The mass of ice explodes!
The iceblast engulfs you!
Ouch! That really hurt!
You die...

#...#..........# *,,.,,,
#.#.#..........# **,..,,,
#.#...........## *,...,,,
#.###..........#
*###.....,* #.#
#..........## ##.........,
#.#
#...........###..#*.....$,
#.#
#.....>.........#*#.....,,
#.#
#.......(..###..##...<..,,
*,*
##).....<@.g..#..#...#,,.,
*,*
##......####..(.....#...,
*,* ###.####
##............, *,* #.*
#...........#,, *,* #,*
*#.......?....., *,* *,*
**#...........###* *,* *,*
*=...........## * *,* *,*
#.#...........#*** *,*
***,**#.#.#.......#...**


You could see Ijyb.

Vanquished Creatures
  A worm (D:3)
  4 dart slugs
  5 ball pythons
  4 bats
  2 endoplasms (D:1)
  2 giant cockroaches (D:1)
  3 goblins (D:1)
  3 hobgoblins (D:1)
  4 jackals (D:1)
  5 kobolds
  3 frilled lizards
  2 rats (D:1)
38 creatures vanquished.

Notes
Turn   | Place    | Note
-------+----------+-------------------------------------------
     0 | D:1      | wakim the Merfolk Gladiator began the quest for the Orb.
     0 | D:1      | Reached XP level 1. HP: 16/16 MP: 1/1
    71 | D:1      | Reached XP level 2. HP: 20/22 MP: 2/2
   255 | D:1      | Reached skill level 5 in Polearms
   556 | D:1      | Reached XP level 3. HP: 26/26 MP: 3/3
   988 | D:1      | Reached skill level 5 in Dodging
  2077 | D:2      | Found a broken altar of Ashenzari.
  2842 | D:3      | Noticed Ijyb
  2974 | D:3      | Killed from afar by Ijyb

Illustrated notes

Levels and vault maps discovered:
D:1:      giann_forest_graveyard, layout_basic, serial_rivers,
          chequers_serial_rivers_micro_c, chequers_serial_rivers_room_b,
          chequers_serial_rivers_micro_a, chequers_serial_rivers_large_a,
          chequers_serial_rivers_room_a, chequers_decorated_corner,
          supply_closet_lemuel, chequers_serial_rivers_small_3
D:2:      layout_basic, basic_altar, minmay_misc_feat_ornament
D:3:      layout_rooms, dreamdust_ecumenical_altar_sealed_demon, hex_large,
          uniq_ijyb, uniq_sigmund, uniq_crazy_yiuf_cottage

Skill      XL: |  1  2  3 |
---------------+----------+-----
Polearms       | 5 |  5.7
Dodging        | 5 |  5.2
Fighting       | |  2.1
Throwing       | |  2.0
Shields        | |  0.2

Action                   || total
-------------------------++-------
Melee: Trident           ||   120
  Use: Scroll            ||     3
 Stab: Distracted        ||     1
Armor: Leather armour    ||    15
Dodge: Dodged            ||    54
Block: Kite shield       ||     8

Table legend: (Time is in decaauts)
 A = Elapsed time spent in this place.
 B = Non-inter-level travel time spent in this place.
 C = Inter-level travel time spent in this place.
 D = Time resting spent in this place.
 E = Time spent auto-exploring this place.
 F = Levels seen in this place.
 G = Mean time per level.
                   A        B        C        D        E       F      G
               +--------+--------+--------+--------+--------+-----+--------+
         Total |   2964 |   2879 |     85 |    200 |   2392 |   3 |  988.0 |
       Dungeon |   2964 |   2879 |     85 |    200 |   2392 |   3 |  988.0 |
               +--------+--------+--------+--------+--------+-----+--------+

Top non-repeatable levels by time:
     D:1: 1728 daAuts
     D:2: 1014 daAuts
     D:3: 222 daAuts
